 Dungeon Crawl Stone Soup version 0.30-a0-373-gd37427bb62 (webtiles) character file.

Game seed: 12151346339042858721

4072 qeuew the Trooper (level 10, -1/79 HPs)
             Began as a Demonspawn Monk on Nov 24, 2022.
             Was an Elder of Makhleb.
             Killed from afar by Erica (25 damage)
             ... with a bolt of poison
             ... on level 8 of the Dungeon.
             The game lasted 00:14:10 (6525 turns).

qeuew the Trooper (Demonspawn Monk)                 Turns: 6525, Time: 00:14:10

Health: -1/79      AC: 12    Str: 16    XL:     10   Next: 5%
Magic:  15/15      EV: 17    Int: 12    God:    Makhleb [****..]
Gold:   1423       SH:  5    Dex: 21    Spells: 9/9 levels left

rFire   . . .      SeeInvis .    a - +1 hand axe (protect)
rCold   . . .      Faith    .    (no shield)
rNeg    . . .      Spirit   .    t - +0 steam dragon scales
rPois   .          Reflect  +    (helmet restricted)
rElec   .          Harm     .    (no cloak)
rCorr   +          Rampage  .    p - +1 pair of gloves
Will    .....                    (no boots)
Stlth   ++........               k - amulet of reflection
HPRegen 0.33/turn                g - +6 ring of dexterity
MPRegen 0.14/turn                (no ring)

@: lethally poisoned (-1 -> -20)
A: horns 2, yellow scales 3, foul stench 2, spiny 1, deterioration 1, MP-powered
wands, devolution 1
a: Renounce Religion, Minor Destruction, Lesser Servant of Makhleb, Major
Destruction


You were on level 8 of the Dungeon.
You worshipped Makhleb.
Makhleb was greatly pleased with you.
You visited 1 branch of the dungeon, and saw 8 of its levels.

You collected 1423 gold pieces.

Inventory:

Hand Weapons
 a - a +1 hand axe of protection (weapon)
Missiles
 l - a throwing net
Armour
 p - a +1 pair of gloves (worn)
 t - +0 steam dragon scales (worn)
Jewellery
 g - a +6 ring of dexterity (left hand)
 k - an amulet of reflection (around neck)
Wands
 d - a wand of mindburst (18)
 h - a wand of flame (35)
Scrolls
 b - 5 scrolls of teleportation
 c - a scroll of brand weapon
 e - 2 scrolls of amnesia
 j - a scroll of enchant armour
 n - a scroll of magic mapping
Potions
 i - 4 potions of curing
 m - a potion of brilliance
 o - a potion of ambrosia
 s - a potion of resistance
 v - a potion of might


   Skills:
 + Level 7.4 Fighting
 + Level 6.8 Axes
 + Level 6.0 Armour
 + Level 6.8 Dodging
 - Level 1.7 Stealth
 * Level 7.2 Invocations
 * Level 5.4 Evocations


You had 9 spell levels left.
You didn't know any spells.
Your spell library contained the following spells:

 Spells                   Type           Power      Damage    Failure   Level
 Apportation              Tloc           0%         N/A       32%         1
 Foxfire                  Conj/Fire      0%         2x1d4     32%         1
 Sublimation of Blood     Necr           0%         N/A       45%         2
 Manifold Assault         Tloc           0%         N/A       97%         4
 Petrify                  Tmut/Erth      0%         N/A       97%         4
 Alistair's Intoxication  Tmut/Pois      0%         N/A       100%        5
 Fireball                 Conj/Fire      0%         3d3       100%        5
 Irradiate                Conj/Tmut      0%         3d11      100%        5
 Dispersal                Tloc           0%         N/A       100%        6
 Starburst                Conj/Fire      0%         6d3       100%        6
 Disjunction              Tloc           0%         N/A       100%        8


Dungeon Overview and Level Annotations

Branches:
Dungeon (8/15)             Temple (0/1) D:5
   Lair: D:8-11

Altars:
Hepliaklqana
Makhleb
Ru
Sif Muna
Xom

Shops:
D:3 (

Annotations:
D:8 Erica


Innate Abilities, Weirdness & Mutations

You have a pair of horns on your head.
You are completely covered in yellow scales. (AC +4, rCorr)
You sometimes emit foul miasma when damaged in melee.
You are partially covered in sharp spines.
Your body sometimes deteriorates upon taking damage.
You expend magic power (3 MP) to strengthen your wands.
You have hidden genetic defects.


Message History

You block Erica's attack.
You slash Erica!
Erica is heavily wounded.
Erica barely misses you.
You closely miss Erica.
Erica is heavily wounded.
Erica is struck by your spines.
Erica hits you with a +1 scimitar of flaming!
Erica burns you.
You closely miss Erica. You headbutt Erica, but do no damage.
Erica is heavily wounded.
Erica hits you but does no damage.
You closely miss Erica. You headbutt Erica, but do no damage.
Erica is heavily wounded.
Erica is struck by your spines. Erica barely misses you.
You closely miss Erica.
Erica is severely wounded.
Erica casts a spell at you. The bolt of poison hits you!!
You are poisoned.
You are too injured to fight recklessly!
You are too injured to fight recklessly!
Aiming: Minor Destruction (0% risk of failure)
Press: ? - help, Q - select action, (/) - cycle Shift-Dir - straight line, f - Erica
Aim: Erica, wielding a +1 scimitar of flaming and wearing a +0 robe (severely wounded)
The puff of flame misses Erica.
You feel very sick.
Erica screams, "Coming here was suicide!
For you!" Erica is struck by your spines.
Erica hits you with a +1 scimitar of flaming.
Erica burns you.
Aiming: Minor Destruction (0% risk of failure)
Press: ? - help, Q - select action, (/) - cycle Shift-Dir - straight line, f/p - Erica
Aim: Erica, wielding a +1 scimitar of flaming and wearing a +0 robe (severely wounded)
The stone arrow misses Erica.
You feel sick. Erica casts a spell at you. The bolt of poison hits you!!
You are more poisoned.
You die...

#.#. ..# #.#. #.## #.#.
#..####### #.#.
####........# #.#.
#.....#####.#####.#.
#.....#...#.........
#.###.@...+.⌠.'.#####.#.
#......@..#...#.# #.#.
########..#####.# #.#.
#........# #.#.
#...####.# #.#. #####
#.# #... #.# #>#.
#.#####... #.........
##########


You could see Erica.

Vanquished Creatures
  Maggie (D:7)
  Sigmund (D:3)
  A wyvern (D:7)
  A vampire (D:6)
  2 water moccasins
  2 orc warriors
  A sky beast (D:6)
  An ice beast (D:6)
  3 ogres
  A centaur (D:5)
  2 phantoms
  2 kobold brigands
  3 bullfrogs
  A necrophage (D:6)
  A scorpion (D:6)
  8 wights
  9 killer bees
  3 howler monkeys
  Crazy Yiuf (D:7)
  3 jellies
  4 orc priests
  4 hounds
  3 iguanas
  6 orc wizards
  9 adders
  2 shadow imps
  3 ufetubi
  3 dart slugs
  44 orcs
  7 ball pythons
  8 endoplasms
  16 giant cockroaches
  7 goblins
  2 hobgoblins
  4 jackals (D:2)
  3 quokkas
  4 bats
  5 frilled lizards
  11 kobolds
  6 rats
  A spectral orc (D:6)
199 creatures vanquished.

Vanquished Creatures (others)
  A fungus (D:1)
1 creature vanquished.

Grand Total: 200 creatures vanquished

Notes
Turn   | Place    | Note
-------+----------+-------------------------------------------
     0 | D:1      | qeuew the Demonspawn Monk began the quest for the Orb.
     0 | D:1      | Reached XP level 1. HP: 18/18 MP: 1/1
   110 | D:1      | Found a faded altar of an unknown god.
   128 | D:1      | Gained mutation: You are partially covered in yellow
                  | scales. (AC +2) [demonic ancestry]
   128 | D:1      | Reached XP level 2. HP: 5/24 MP: 2/2
   591 | D:2      | Reached skill level 1 in Armour
   691 | D:2      | Gained mutation: You may rarely emit foul miasma when
                  | damaged in melee. [demonic ancestry]
   691 | D:2      | Reached XP level 3. HP: 29/29 MP: 3/3
  1156 | D:2      | Identified a scroll of acquirement
  1156 | D:2      | Acquired 987 gold pieces
  1164 | D:2      | Reached skill level 5 in Axes
  1164 | D:2      | Reached skill level 5 in Dodging
  1164 | D:2      | Gained mutation: You are mostly covered in yellow scales.
                  | (AC +3) [demonic ancestry]
  1164 | D:2      | Reached XP level 4. HP: 40/40 MP: 4/4
  1267 | D:3      | Found Nossudabb's Weapon Shop.
  1371 | D:3      | Gained mutation: You are partially covered in sharp spines.
                  | [demonic ancestry]
  1371 | D:3      | Reached XP level 5. HP: 44/46 MP: 5/5
  1453 | D:3      | Found the Hermit's Pendant {Faith Invo=14 Evo=0 MP+5}
  1889 | D:3      | Noticed Sigmund
  1904 | D:3      | Killed Sigmund
  1905 | D:3      | Reached skill level 1 in Invocations
  1905 | D:3      | Reached skill level 1 in Evocations
  1905 | D:3      | Reached XP level 6. HP: 35/53 MP: 16/16
  2118 | D:4      | Reached skill level 5 in Armour
  2403 | D:4      | Gained mutation: You have a pair of small horns on your
                  | head. [demonic ancestry]
  2403 | D:4      | Reached XP level 7. HP: 41/59 MP: 8/8
  2520 | D:4      | Found a burning altar of Makhleb.
  2538 | D:4      | Became a worshipper of Makhleb the Destroyer
  2538 | D:4      | Reached * piety under Makhleb
  2538 | D:4      | Reached ** piety under Makhleb
  2764 | D:4      | Found a sacrificial altar of Ru.
  2852 | D:5      | Entered Level 5 of the Dungeon
  3320 | D:5      | Found a staircase to the Ecumenical Temple.
  3607 | D:5      | You fall into a shaft and drop 3 floors!
  3646 | D:8      | Gained mutation: You sometimes emit foul miasma when
                  | damaged in melee. [demonic ancestry]
  3646 | D:8      | Reached XP level 8. HP: 48/65 MP: 10/10
  4034 | D:7      | Noticed Maggie
  4046 | D:7      | Reached *** piety under Makhleb
  4055 | D:7      | Reached skill level 5 in Invocations
  4072 | D:7      | Killed Maggie
  4101 | D:7      | Gained mutation: You are completely covered in yellow
                  | scales. (AC +4, rCorr) [demonic ancestry]
  4101 | D:7      | Reached XP level 9. HP: 48/72 MP: 13/13
  4235 | D:7      | Found a shimmering blue altar of Sif Muna.
  4820 | D:6      | Reached skill level 5 in Evocations
  5214 | D:6      | Found a hazy altar of Hepliaklqana.
  5222 | D:6      | Reached **** piety under Makhleb
  5553 | D:5      | Gained mutation: You expend magic power (3 MP) to
                  | strengthen your wands. [potion of mutation]
  5553 | D:5      | Gained mutation: You have hidden genetic defects. [potion
                  | of mutation]
  5553 | D:5      | Gained mutation: You have a pair of horns on your head.
                  | [potion of mutation]
  5742 | D:7      | Found a runed translucent door.
  5743 | D:7      | Noticed Crazy Yiuf
  6014 | D:7      | Reached XP level 10. HP: 79/79 MP: 15/15
  6028 | D:7      | Gained mutation: Your body sometimes deteriorates upon
                  | taking damage. [hidden defects]
  6300 | D:7      | Killed Crazy Yiuf
  6375 | D:8      | Found a shimmering altar of Xom.
  6420 | D:8      | Found a shimmering altar of Xom.
  6508 | D:8      | Noticed Erica
  6525 | D:8      | Killed from afar by Erica

Illustrated notes

Levels and vault maps discovered:
D:1:      dpeg_arrival_simpleton_c, layout_basic,
          dreamdust_ecumenical_altar_grove
D:2:      minmay_roachtagon, layout_loops_cross, minmay_bisected
D:3:      layout_loops_cross, serial_shops, nicolae_shop_advertising_works
          [nicolae_subvault_shop_adworks], glass_columns_a,
          chequers_serial_rivers_large_a, minmay_diced_spiral, uniq_sigmund
D:4:      layout_basic, mainiacjoe_overflow_boulevard,
          mainiacjoe_overflow_catch_the_wave, chequers_serial_rivers_micro_c
D:5:      layout_loops_ring, minmay_temple_entry_arrows
D:6:      kennysheep_windowed_halls, layout_basic,
          nicolae_hepliaklqana_monster_ancestors, gup_sewer_entry_pipe
D:7:      layout_loops_cross, gammafunk_temple_overflow_statue,
          uniq_crazy_yiuf_cottage, uniq_maggie
D:8:      layout_basic, lemuel_tele_altar, minmay_misc_feat_room,
          hangedman_feature_mirror, eino_small_chamber_without_monster,
          dilly_guarded_unrand_throatcut, uniq_erica

Skill      XL: |  1  2  3  4  5  6  7  8  9 |
---------------+----------------------------+-----
Axes           | 3 5 6 |  6.8
Dodging        | 3 5 6 |  6.8
Armour         | 1 4 5 6 |  6.0
Fighting       | 6 7 |  7.4
Invocations    | 1 2 3 5 7 |  7.2
Evocations     | 1 2 4 5 |  5.4
Stealth        | |  1.7

Action                   |  1- 3 |  4- 6 |  7- 9 | 10-12 || total
-------------------------+-------+-------+-------+-------++-------
Melee: Hand axe          |   104 |   107 |   305 |    48 ||   564
       Punch             |       |     2 |     4 |       ||     6
       Headbutt          |       |       |    61 |     9 ||    70
Invok: Minor Destruction |       |       |    39 |     6 ||    45
       Lesser Servant of |       |       |     1 |       ||     1
  Use: Scroll            |    13 |     1 |     8 |     1 ||    23
       Potion            |     2 |     1 |     3 |     1 ||     7
 Stab: Sleeping          |     2 |     6 |     1 |     1 ||    10
Armor: Robe              |     7 |       |       |       ||     7
       Ring mail         |    83 |    25 |    44 |       ||   152
       Steam dragon scal |       |       |    81 |     9 ||    90
Dodge: Dodged            |    98 |    59 |   198 |    27 ||   382
Block: Other             |       |     3 |    74 |     7 ||    84
       Reflection        |       |       |     3 |     1 ||     4

Table legend: (Time is in decaauts)
 A = Elapsed time spent in this place.
 B = Non-inter-level travel time spent in this place.
 C = Inter-level travel time spent in this place.
 D = Time resting spent in this place.
 E = Time spent auto-exploring this place.
 F = Levels seen in this place.
 G = Mean time per level.
                   A        B        C        D        E       F      G
               +--------+--------+--------+--------+--------+-----+--------+
         Total |   6556 |   6182 |    374 |      0 |   4724 |   8 |  819.5 |
       Dungeon |   6556 |   6182 |    374 |      0 |   4724 |   8 |  819.5 |
               +--------+--------+--------+--------+--------+-----+--------+

Top non-repeatable levels by time:
     D:6: 1192 daAuts
     D:7: 1074 daAuts
     D:5: 941 daAuts
     D:3: 881 daAuts
     D:4: 771 daAuts
     D:2: 694 daAuts
     D:1: 533 daAuts
     D:8: 468 daAuts
